 Dungeon Crawl Stone Soup version 0.29.0-11-gd7f09526c8 (webtiles) character file.

Game seed: 16772183419066984878

767 MisterFreud the Cudgeller (level 7, 0/44 HPs)
             Began as a Gargoyle Fighter on Sept 3, 2022.
             Was a Follower of Okawaru.
             Shot with a bolt by an orc warrior (4 damage)
             ... on level 6 of the Dungeon.
             The game lasted 00:06:18 (4802 turns).

MisterFreud the Cudgeller (Gargoyle Fighter)        Turns: 4802, Time: 00:06:19

Health: 0/44       AC: 17    Str: 22    XL:     7   Next: 82%
Magic:  8/8        EV:  7    Int:  8    God:    Okawaru [*.....]
Gold:   114        SH:  5    Dex:  9    Spells: 6/6 levels left

rFire   . . .      SeeInvis .   l - +4 flail (drain)
rCold   . . .      Faith    .   c - +1 buckler
rNeg    + . .      Spirit   .   u - +0 chain mail
rPois   ∞          Reflect  .   (no helmet)
rElec   +          Harm     .   y - +0 cloak
rCorr   .          Rampage  .   k - +0 pair of gloves
Will    .....                   (no boots)
Stlth   ..........              (no amulet)
HPRegen 0.14/turn               d - ring of wizardry
MPRegen 0.11/turn               (no ring)

@: no status effects
A: sickness immunity, AC +4, negative energy resistance 1, electricity
resistance, torment resistance 1, petrification resistance
a: Renounce Religion, Heroism


You were on level 6 of the Dungeon.
You worshipped Okawaru.
Okawaru was aware of your devotion.
You visited 2 branches of the dungeon, and saw 7 of its levels.

You collected 218 gold pieces.
You spent 104 gold pieces at shops.

Inventory:

Hand Weapons
 a - a +1 flail of flaming
 l - a +4 flail of draining (weapon)
Missiles
 j - 5 atropa-tipped darts (quivered)
Armour
 b - a +0 scale mail
 c - a +1 buckler (worn)
 k - a +0 pair of gloves (worn)
 u - a +0 chain mail (worn)
 y - a +0 cloak (worn)
Jewellery
 d - a ring of wizardry (left hand)
Wands
 i - a wand of polymorph (7)
 t - a wand of flame (19)
Scrolls
 e - 3 scrolls of immolation
 n - a scroll of blinking
 o - a scroll of teleportation
 s - a scroll of silence
Potions
 f - 2 potions of curing
 g - 2 potions of mutation
 h - 4 potions of haste
 m - a potion of might
 p - 2 potions of magic
 q - a potion of lignification
 v - a potion of ambrosia
 x - a potion of invisibility


   Skills:
 - Level 5.0 Fighting
 * Level 6.8 Maces & Flails
 - Level 5.0 Armour
 - Level 3.3 Shields
 + Level 2.1 Invocations


You had 6 spell levels left.
You didn't know any spells.
Your spell library contained the following spells:

 Spells                   Type           Power      Damage    Failure   Level
 Conjure Flame            Conj/Fire      0%         6-21      99%         3
 Ignite Poison            Fire/Tmut/Pois 0%         N/A       99%         3
 Sticky Flame             Conj/Fire      0%         2d3       100%        4


Dungeon Overview and Level Annotations

Branches:
Dungeon (6/15)             Temple (1/1) D:5

Altars:
Cheibriados
Gozag
Hepliaklqana
Kikubaaqudgha
Makhleb
Nemelex Xobeh
Okawaru
Ru
Trog
Xom
Yredelemnul

Shops:
D:5 !


Innate Abilities, Weirdness & Mutations

You are immune to sickness and miasma.
Your stone body is resilient. (AC +4)
You are immune to poison.
You resist negative energy. (rN+)
You are resistant to electric shocks. (rElec)
You are resistant to unholy torment.
You are immune to petrification.


Message History

The gnoll barely misses you. The gnoll hits you but does no damage.
You hit the gnoll.
The gnoll is heavily wounded.
The gnoll hits you but does no damage. x2; The gnoll hits you with a +0 whip.
The gnoll hits you but does no damage.
You sock the gnoll!
You kill the gnoll!
Okawaru accepts your kill. The gnoll hits you but does no damage.
Aiming: Throw Flame
Press: ? - help, Shift-Dir - straight line, f - gnoll
Aim: a gnoll, wielding a +0 spear and quivering a throwing net (72% to hit)
The puff of flame misses the gnoll. x2; You block the gnoll's attack.
Unknown command.
Unknown command.
You see here a +0 halberd.
There is a stone staircase leading up here.
The gnoll closely misses you.
You climb upwards.
There is a stone staircase leading down here.
There is a stone staircase leading down here.
You start resting.
Magic restored.
You start resting.
HP restored.
You climb downwards.
The orc wizard shouts!
There is a stone staircase leading up here.
An orc comes into view. It is wielding a +0 flail.
The orc shouts!
You hear a shout!
An orc warrior and an orc come into view.
The orc warrior shouts!
The orc shouts!
The orc warrior unwields a +0 halberd.
The orc warrior wields a +2 vorpal arbalest.
The orc warrior shoots a bolt.
The bolt hits you!
The orc wizard hits you with a +0 dagger.
The orc hits you with a +0 flail!
The orc warrior shoots a bolt.
The bolt hits you!
* * * LOW HITPOINT WARNING * * *
You die...

#...# ### ## #...# #..
..# #...# #.# ####.#
#...# #.# ..#.# #.[.#
#.# ######.#.# #...# #.#
.......#.####..)######.#
.....ooo.......)......>#
#o.@.#############.#
#.##................ #
#.############... #<#
#..# ### #.†# #..# #..#
#).# #..#


You could see an orc warrior, an orc wizard and 2 orcs.

Vanquished Creatures
  Edmund (D:5)
  A water moccasin (D:5)
  A gnoll sergeant (D:6)
  A scorpion (D:6)
  A howler monkey (D:6)
  2 hounds
  Jessica (D:3)
  An iguana (D:4)
  Ijyb (D:3)
  3 gnolls (D:6)
  14 adders
  An ufetubus (D:4)
  A worm (D:2)
  3 dart slugs
  7 orcs
  7 ball pythons
  6 endoplasms
  2 giant cockroaches
  7 hobgoblins
  3 jackals (D:1)
  7 kobolds
  A quokka (D:4)
  10 bats
  3 frilled lizards
  9 goblins
  8 rats
102 creatures vanquished.

Notes
Turn   | Place    | Note
-------+----------+-------------------------------------------
     0 | D:1      | MisterFreud the Gargoyle Fighter began the quest for the
                  | Orb.
     0 | D:1      | Reached XP level 1. HP: 14/14 MP: 1/1
   148 | D:1      | Reached XP level 2. HP: 19/19 MP: 2/2
   168 | D:1      | Reached skill level 3 in Maces & Flails
   491 | D:1      | Found a faded altar of an unknown god.
   512 | D:1      | Reached XP level 3. HP: 21/23 MP: 3/3
  1341 | D:2      | Reached XP level 4. HP: 29/29 MP: 4/4
  1411 | D:2      | Reached skill level 4 in Maces & Flails
  2022 | D:3      | Noticed Ijyb
  2039 | D:3      | Killed Ijyb
  2040 | D:3      | Reached XP level 5. HP: 19/33 MP: 5/5
  2636 | D:3      | Noticed Jessica
  2639 | D:3      | Killed Jessica
  2642 | D:3      | Found a basalt altar of Yredelemnul.
  2966 | D:4      | Reached skill level 5 in Maces & Flails
  2966 | D:4      | Reached XP level 6. HP: 33/39 MP: 6/6
  3464 | D:4      | Found an opulent altar of Gozag.
  3464 | D:4      | Found a hazy altar of Hepliaklqana.
  3796 | D:5      | Entered Level 5 of the Dungeon
  3796 | D:5      | Noticed Edmund
  4025 | D:5      | Killed Edmund
  4026 | D:5      | Reached skill level 5 in Fighting
  4026 | D:5      | Reached XP level 7. HP: 33/44 MP: 7/7
  4116 | D:5      | Found a staircase to the Ecumenical Temple.
  4133 | Temple   | Entered the Ecumenical Temple
  4181 | Temple   | Became a worshipper of Warmaster Okawaru
  4226 | D:5      | Reached skill level 6 in Maces & Flails
  4226 | D:5      | Reached skill level 1 in Invocations
  4296 | D:5      | Found Womnont's Distillery.
  4299 | D:5      | Bought a potion of might for 52 gold pieces
  4299 | D:5      | Bought a potion of lignification for 39 gold pieces
  4299 | D:5      | Bought a potion of degeneration for 13 gold pieces
  4626 | D:6      | Reached * piety under Okawaru
  4627 | D:6      | Reached skill level 5 in Armour
  4802 | D:6      | Shot with a bolt by an orc warrior

Illustrated notes

Levels and vault maps discovered:
D:1:      dpeg_arrival_radiant, layout_basic, shapermc_ecumenical_altar_pompeii
D:2:      layout_rooms, minmay_misc_feat_pillars, serial_bayou_pond_d,
          minmay_fractal_squares_gapless_5
D:3:      layout_loops_cross, lemuel_tele_altar, uniq_jessica, uniq_ijyb
D:4:      layout_loops_ring, nicolae_overflow_two_pavilions, grunt_ministairs_1,
          chequers_serial_rivers_micro_e
D:5:      layout_cave_pools, minmay_temple_entry_glass, serial_shops,
          nicolae_shop_behind_doors, grunt_decor_one_mirror, uniq_edmund
D:6:      layout_basic
Temple:   regret_index_temple_sphere_string

Skill      XL: |  1  2  3  4  5  6  7 |
---------------+----------------------+-----
Maces & Flails | 3 4 5 6 |  6.8
Fighting       | 4 5 |  5.0
Armour         | 4 5 |  5.0
Invocations    | 2 |  2.1
Shields        | |  3.3

Action                   |  1- 3 |  4- 6 |  7- 9 || total
-------------------------+-------+-------+-------++-------
Melee: Flail             |   100 |   187 |    34 ||   321
Evoke: Wand              |       |       |     1 ||     1
  Use: Scroll            |       |    14 |     3 ||    17
       Potion            |       |     1 |       ||     1
Armor: Scale mail        |    65 |    44 |       ||   109
       Chain mail        |       |    63 |    27 ||    90
Dodge: Dodged            |    52 |    80 |    11 ||   143
Block: Buckler           |    18 |    27 |     8 ||    53
